 Dungeon Crawl Stone Soup version 0.32-a0-872-g59262bdc9b (webtiles) character file.

Game seed: 6800679212773117764

115 PimpSugar the Magician (level 4, -1/48 HPs)
             Began as a Demonspawn Hedge Wizard on Mar 31, 2024.
             Slain by Terence
             ... wielding a +7 short sword of electrocution
              (10 damage)
             ... on level 3 of the Dungeon.
             The game lasted 00:08:10 (2910 turns).

PimpSugar the Magician (Demonspawn Hedge Wizard)    Turns: 2910, Time: 00:08:10

Health: -1/48      AC: 22    Str: 10    XL:     4   Next: 68%
Magic:  9/9        EV:  2    Int: 17    God:
Gold:   99         SH:  0    Dex: 12    Spells: 7/10 levels left

rFire   . . .        k - +1 spear (freeze)
rCold   . . .        (no shield)
rNeg    . . .        b - melded +0 robe
rPois   +            c - melded +0 hat
rElec   .            m - melded +0 cloak
rCorr   .            (gloves currently unavailable)
SInv    .            (boots currently unavailable)
Will    +....        n - amulet of magic regeneration
Stlth   ++           o - ring of willpower
HPRegen 0.28/turn    (no ring)
MPRegen 0.51/turn

%: no passive effects
@: lethally poisoned (-1 -> -2), tree-form
A: stationary, stasis, torment immunity, boosted hp, demonic guardian 1
a: no special abilities


You were on level 3 of the Dungeon.
You were a tree.
You visited 1 branch of the dungeon, and saw 3 of its levels.

You collected 99 gold pieces.

Inventory:

Hand Weapons
 a - a +0 dagger
 e - a +0 long sword of electrocution
 j - a +2 dagger of holy wrath
 k - a +1 spear of freezing (weapon)
Missiles
 i - 21 stones
 q - 6 curare-tipped darts
Armour
 b - a +0 robe (melded)
 c - a +0 hat (melded)
 m - a +0 cloak (melded)
 s - a +0 helmet
Magical Staves
 p - a staff of fire
Jewellery
 n - an amulet of magic regeneration (around neck)
 o - a ring of willpower (left branch)
Scrolls
 g - 2 scrolls of teleportation
 l - a scroll of enchant armour {unknown}
 t - a scroll of fog
Potions
 d - a potion of magic
 f - a potion of degeneration
 r - a potion of curing {unknown}


   Skills:
 + Level 1.1 Fighting
 + Level 2.2 Dodging
 + Level 2.2 Stealth
 * Level 3.5 Spellcasting
 * Level 2.1 Conjurations
 + Level 1.7 Summonings
 + Level 1.2 Translocations
 + Level 0.1 Fire Magic
 + Level 0.6 Evocations


You had 7 spell levels left.
You knew the following spells:

 Your Spells              Type           Power      Damage    Failure   Level
a - Magic Dart            Conj           40%        1d5       7%          1
b - Call Imp              Summ           16%        N/A       12%         2

Your spell library contained the following spells:

 Spells                   Type           Power      Damage    Failure   Level
 Blink                    Tloc           14%        N/A       14%         2
 Slow                     Hex            8%         N/A       17%         1
 Cigotuvi's Dreadful Rot  Necr/Alch/Air  4%         N/A       26%         2
 Mephitic Cloud           Conj/Alch/Air  5%         N/A       36%         3
 Frozen Ramparts          Ice            4%         1d1       45%         3
 Ozocubu's Armour         Ice            2%         N/A       45%         3
 Metabolic Englaciation   Hex/Ice        1%         N/A       99%         5


Dungeon Overview and Level Annotations

Branches:
Dungeon (3/15)

Altars:
Ashenzari
Gozag

Shops:
D:1 *

Annotations:
D:3 Terence


Innate Abilities, Weirdness & Mutations

You are a tree.
Your roots penetrate the ground, keeping you stationary.
You cannot be teleported.
You are immune to unholy pain and torment.
Your maximum health is greatly increased.
Your equipment is partially melded.
A weak demonic guardian rushes to your aid.


Message History

You feel sick.
Your cerulean imp hits Terence but does no damage.
You closely miss the adder.
The adder is severely wounded.
You feel sick. The adder bites you but does no damage.
The adder closely misses you.
Your cerulean imp hits the adder but does no damage.
Your magical contamination has completely faded away.
You miss the adder.
The adder is severely wounded.
You feel sick. The adder barely misses you.
Your cerulean imp hits the adder but does no damage.
You barely miss the adder.
The adder is severely wounded.
You feel sick.
You are no longer poisoned.
The adder completely misses you.
Your cerulean imp barely misses the adder.
The adder bites you.
You are poisoned.
The adder poisons you!
You hit the adder.
The adder seems to slow down.
You freeze the adder.
You kill the adder!
You feel sick.
Your cerulean imp hits Terence but does no damage.
You turn into a tree.
Your +0 cloak melds into your body.
Your +0 hat melds into your body.
Your +0 robe melds into your body.
Your roots penetrate the ground.
You feel sick. Terence hits you but does no damage.
You are electrocuted!
* * * LOW HITPOINT WARNING * * *
Your cerulean imp hits Terence from afar with a -4 spear.
You barely miss Terence.
Terence is lightly wounded.
You feel sick. Terence barely misses you.
Your cerulean imp barely misses Terence.
You hit Terence but do no damage.
Terence is lightly wounded.
You feel sick. Terence hits you but does no damage.
You are electrocuted!
You die...
Terence says, "That felt goooood."

#...# ##.##
#.#
###.#####..#
#.# #.#......#
#.#
#..)###.#####
###
##..###.....#
#÷÷##..#####
##.........#
...#
#.....#####
#..
#.#>.♣....#
###
####.###@#####
#....###.#
........5#
.........#
.........#
.........#
.........#
..........


You could see Terence (ally target) and a friendly cerulean imp (summoned).

Vanquished Creatures
  Robin (D:3)
  2 adders
  2 dart slugs (D:1)
  2 orcs
  8 ball pythons
  7 endoplasms
  3 giant cockroaches
  5 goblins
  4 hobgoblins
  3 jackals (D:3)
  9 kobolds
  5 bats
  4 frilled lizards
  8 rats
63 creatures vanquished.

Vanquished Creatures (collateral kills)
  A bat (D:3)
  5 goblins
  2 hobgoblins (D:3)
  A jackal (D:3)
9 creatures vanquished.

Grand Total: 72 creatures vanquished

Notes
Turn   | Place    | Note
-------+----------+-------------------------------------------
     0 | D:1      | PimpSugar the Demonspawn Hedge Wizard began the quest for
                  | the Orb.
     0 | D:1      | Reached XP level 1. HP: 13/13 MP: 4/4
   154 | D:1      | Reached skill level 1 in Translocations
   159 | D:1      | Gained mutation: A weak demonic guardian rushes to your
                  | aid. [demonic ancestry]
   159 | D:1      | Reached XP level 2. HP: 17/19 MP: 6/6
   178 | D:1      | Learned a level 2 spell: Call Imp
   660 | D:1      | Reached XP level 3. HP: 25/25 MP: 7/7
   952 | D:1      | Found Aker's General Store.
  1334 | D:2      | Found an opulent altar of Gozag.
  1795 | D:2      | Reached XP level 4. HP: 31/31 MP: 8/8
  2426 | D:3      | Noticed Robin
  2431 | D:3      | Reached skill level 1 in Fighting
  2453 | D:3      | Killed Robin
  2779 | D:3      | Found a broken altar of Ashenzari.
  2892 | D:3      | Noticed Terence
  2910 | D:3      | Slain by Terence

Illustrated notes

Levels and vault maps discovered:
D:1:      co_arrival_square_in_a_square_in_a_square, layout_basic, serial_shops,
          shop
D:2:      layout_loops_corners, basic_altar
D:3:      layout_basic, led_sif_book, ashenzari_altar_1, wad_floor_pattern_1,
          uniq_robin, uniq_terence

Skill      XL: |  1  2  3  4 |
---------------+-------------+-----
Translocations | 1 |  1.2
Dodging        | 2 |  2.2
Stealth        | 2 |  2.2
Conjurations   | 2 |  2.1
Fighting       | 1 |  1.1
Spellcasting   | |  3.5
Summonings     | |  1.7
Fire Magic     | |  0.1
Evocations     | |  0.6

Action                     |  1- 3 |  4- 6 || total
---------------------------+-------+-------++-------
  Melee: Long sword        |   111 |    34 ||   145
         Spear             |       |    14 ||    14
   Cast: Magic Dart        |    14 |     6 ||    20
         Call Imp          |     2 |     6 ||     8
    Use: Scroll            |     2 |     4 ||     6
         Potion            |       |     2 ||     2
   Stab: Sleeping          |     9 |       ||     9
 Armour: Robe              |    96 |    60 ||   156
         Skin              |       |     2 ||     2
  Dodge: Dodged            |   101 |    43 ||   144

Table legend: (Time is in decaauts)
 A = Elapsed time spent in this place.
 B = Non-inter-level travel time spent in this place.
 C = Inter-level travel time spent in this place.
 D = Time resting spent in this place.
 E = Time spent auto-exploring this place.
 F = Levels seen in this place.
 G = Mean time per level.
                   A        B        C        D        E       F      G
               +--------+--------+--------+--------+--------+-----+--------+
         Total |   2967 |   2829 |    138 |    200 |   1819 |   3 |  989.0 |
       Dungeon |   2967 |   2829 |    138 |    200 |   1819 |   3 |  989.0 |
               +--------+--------+--------+--------+--------+-----+--------+

Top non-repeatable levels by time:
     D:2: 1293 daAuts
     D:1: 1038 daAuts
     D:3: 634 daAuts
